 Dungeon Crawl Stone Soup version 0.29.1-2-gbd0b4ee654 (webtiles) character file.

Game seed: 11947093603984926085

368 LustLizard the Shooter (level 6, 0/32 HPs)
             Began as a Spriggan Hunter on Oct 26, 2022.
             Slain by a worm (4 damage)
             ... on level 3 of the Dungeon.
             The game lasted 00:05:41 (2562 turns).

LustLizard the Shooter (Spriggan Hunter)            Turns: 2562, Time: 00:05:42

Health: 0/32       AC:  2    Str:  7    XL:     6   Next: 41%
Magic:  7/7        EV: 19    Int: 10    God:
Gold:   123        SH:  0    Dex: 21    Spells: 5/5 levels left

rFire   . . .      SeeInvis +   a - +0 shortbow
rCold   . . .      Faith    .   (shield currently unavailable)
rNeg    . . .      Spirit   .   c - +0 robe
rPois   .          Reflect  .   (helmet restricted)
rElec   .          Harm     .   (no cloak)
rCorr   .          Rampage  .   (gloves unavailable)
Will    +....                   (boots unavailable)
Stlth   +++.......              (no amulet)
HPRegen 0.10/turn               (no ring)
MPRegen 0.10/turn               (no ring)

@: very quick
A: very small, no large weapons, unfitting armour, see invisible, speed 3
a: no special abilities


You were on level 3 of the Dungeon.
You visited 1 branch of the dungeon, and saw 3 of its levels.

You collected 123 gold pieces.

Inventory:

Hand Weapons
 a - a +0 shortbow (weapon)
Missiles
 g - a throwing net
Armour
 c - a +0 robe (worn)
Scrolls
 b - 2 scrolls of immolation
 d - a scroll of fear {unknown}
 e - 2 scrolls of butterflies {unknown}
 f - 2 scrolls of teleportation {unknown}
 h - 2 scrolls of identify {unknown}
 j - a scroll of enchant armour {unknown}
 m - a scroll of summoning {unknown}
Potions
 i - a potion of degeneration {unknown}
 k - a potion of invisibility {unknown}
 l - a potion of might


   Skills:
 + Level 3.1 Fighting
 * Level 5.6 Ranged Weapons
 - Level 4.2 Dodging
 + Level 5.3 Stealth


You had 5 spell levels left.
You didn't know any spells.
Your spell library contained the following spells:

 Spells                   Type           Power      Damage    Failure   Level
 Apportation              Tloc           0%         N/A       36%         1
 Alistair's Intoxication  Tmut/Pois      0%         N/A       100%        5


Dungeon Overview and Level Annotations

Branches:
Dungeon (3/15)

Altars:
Kikubaaqudgha

Shops:
D:2 [

Annotations:
D:2 Natasha
D:3 Robin


Innate Abilities, Weirdness & Mutations

You are very small and have problems with some larger weapons.
You are too small for most types of armour.
You have supernaturally acute eyesight. (SInv)
You cover ground extremely quickly. (Speed+++)


Message History

Fire: a) +0 shortbow
Press: ? - help, Q - select action, (/) - cycle Shift-Dir - straight line, f/p - hobgoblin
Aim: a hobgoblin, wearing a +0 robe (severely wounded, 65% to hit)
You shoot an arrow. The arrow closely misses the hobgoblin.
The arrow hits the goblin!
You kill the goblin!
Fire: a) +0 shortbow
Press: ? - help, Q - select action, (/) - cycle Shift-Dir - straight line, f/p - hobgoblin
Aim: a hobgoblin, wearing a +0 robe (severely wounded, 65% to hit)
You shoot an arrow.
The arrow hits the hobgoblin but does no damage.
The hobgoblin is severely wounded.
The hobgoblin hits you but does no damage.
Fire: a) +0 shortbow
Press: ? - help, Q - select action, (/) - cycle Shift-Dir - straight line, f/p - hobgoblin
Aim: a hobgoblin, wearing a +0 robe (severely wounded, 65% to hit)
You shoot an arrow. The arrow hits the hobgoblin!
You kill the hobgoblin!
Unknown command.
Fire: a) +0 shortbow
Press: ? - help, Q - select action, (/) - cycle Shift-Dir - straight line, f - worm
Aim: a worm (81% to hit)
You shoot an arrow. The arrow hits the worm.
The worm is lightly wounded.
Unknown command.
Fire: a) +0 shortbow
Press: ? - help, Q - select action, (/) - cycle Shift-Dir - straight line, f/p - worm
Aim: a worm (lightly wounded, 81% to hit)
You shoot an arrow. The arrow barely misses the worm.
The endoplasm barely misses you. The endoplasm freezes you.
You are frozen.
* * * LOW HITPOINT WARNING * * *
Fire: a) +0 shortbow
Press: ? - help, Q - select action, (/) - cycle Shift-Dir - straight line, f - endoplasm, p - worm
Aim: an endoplasm (87% to hit)
You shoot an arrow. The arrow hits the endoplasm.
The endoplasm is severely wounded.
The worm bites you.
You die...

########### #.........# #####
#.........#############...#
###.........##.w@J..).....†.#
...............##########>..#
##.........######## ##..###
###................# ##.)##
.....g.g.J...###...# #..##
..gggJg...Jg.....# ###.##
g.~...#####......# #.).#
~#~~..# ##gg....# #.#.#
~~~~.#####...r...###†#.#


You could see a worm and an endoplasm.

Vanquished Creatures
  A black bear (D:2)
  An ice beast (D:3)
  Natasha (D:3)
  A gnoll (D:1)
  A river rat (D:3)
  6 adders
  4 worms
  2 dart slugs (D:1)
  An orc (D:3)
  10 ball pythons
  5 endoplasms
  14 goblins
  6 hobgoblins
  3 jackals (D:2)
  8 kobolds
  2 quokkas
  3 bats
  A frilled lizard (D:1)
  9 rats
79 creatures vanquished.

Notes
Turn   | Place    | Note
-------+----------+-------------------------------------------
     0 | D:1      | LustLizard the Spriggan Hunter began the quest for the Orb.
     0 | D:1      | Reached XP level 1. HP: 10/10 MP: 2/2
   170 | D:1      | Reached XP level 2. HP: 15/15 MP: 3/3
   496 | D:1      | Reached XP level 3. HP: 18/18 MP: 4/4
   499 | D:1      | Found a faded altar of an unknown god.
   902 | D:2      | Found an ancient bone altar of Kikubaaqudgha.
  1034 | D:2      | Noticed a black bear
  1100 | D:2      | Killed a black bear
  1101 | D:2      | Reached XP level 4. HP: 23/23 MP: 5/5
  1101 | D:2      | Reached XP level 5. HP: 27/27 MP: 6/6
  1199 | D:2      | Found Buurosh's Armour Boutique.
  1545 | D:3      | Noticed an ice beast
  1596 | D:3      | Killed an ice beast
  1597 | D:3      | Reached skill level 5 in Ranged Weapons
  1677 | D:3      | Reached XP level 6. HP: 32/32 MP: 7/7
  1732 | D:3      | Reached skill level 5 in Stealth
  1772 | D:3      | Noticed Natasha
  2028 | D:3      | Killed Natasha
  2030 | D:3      | Noticed Natasha
  2043 | D:3      | HP: 1/32 [Natasha/magic dart (8)]
  2498 | D:3      | Noticed Robin
  2562 | D:3      | Slain by a worm

Illustrated notes

Levels and vault maps discovered:
D:1:      matt_arrival_grand_opening, layout_loops_cross,
          hellmonk_ecumenical_altar_zigzags, chequers_serial_rivers_small_b
D:2:      layout_loops_ring, serial_shops, nicolae_shop_trees, basic_altar
D:3:      layout_rooms, mainiacjoe_overflow_alcove_2, lightli_sewer_entry_pipes,
          uniq_robin, uniq_natasha

Skill      XL: |  1  2  3  4  5  6 |
---------------+-------------------+-----
Stealth        | 2 4 5 |  5.3
Dodging        | 3 4 |  4.2
Fighting       | 2 3 |  3.1
Ranged Weapons | 5 |  5.6

Action                   |  1- 3 |  4- 6 || total
-------------------------+-------+-------++-------
 Fire: Shortbow          |    67 |   167 ||   234
Armor: Robe              |     1 |     7 ||     8
Dodge: Dodged            |     7 |   102 ||   109
